 Dungeon Crawl Stone Soup version 0.30-a0-329-g85436e0a43 (webtiles) character file.

Game seed: 9022740577201843675

629 koil the Sneak (level 7, -5/36 HPs)
             Began as a Spriggan Hunter on Oct 28, 2022.
             Was a Follower of Okawaru.
             Slain by a water moccasin (7 damage)
             ... on level 6 of the Dungeon.
             The game lasted 00:11:45 (5120 turns).

koil the Sneak (Spriggan Hunter)                    Turns: 5120, Time: 00:11:46

Health: -5/36      AC:  2    Str:  5 (7)  XL:     7   Next: 23%
Magic:  12/12      EV: 20    Int:  9 (11) God:    Okawaru [*.....]
Gold:   330        SH:  0    Dex: 19 (20) Spells: 2/12 levels left

rFire   . . .      SeeInvis +    a - +0 shortbow
rCold   + . .      Faith    .    (shield currently unavailable)
rNeg    . . .      Spirit   .    r - +0 robe {Will+}
rPois   .          Reflect  .    (helmet restricted)
rElec   +          Harm     .    (no cloak)
rCorr   +          Rampage  .    (gloves unavailable)
Will    ++++.                    (boots unavailable)
Stlth   ++........               (no amulet)
HPRegen 0.26/turn                A - ring "Pariplan" {rElec rC+ Will++ rCorr Stlth-}
MPRegen 0.13/turn                (no ring)

@: lethally poisoned (-5 -> -11), attractive, very quick
A: very small, no large weapons, unfitting armour, see invisible, speed 3
a: Renounce Religion, Heroism


You were on level 6 of the Dungeon.
You worshipped Okawaru.
Okawaru was aware of your devotion.
You visited 1 branch of the dungeon, and saw 6 of its levels.

You collected 330 gold pieces.

Inventory:

Hand Weapons
 a - a +0 shortbow (weapon)
 b - a +1 dagger of protection
 y - a +0 long sword of holy wrath
Armour
 c - a +0 robe
 r - a +0 robe of willpower (worn)
 t - a +2 animal skin
Jewellery
 A - the ring "Pariplan" (left hand) {rElec rC+ Will++ rCorr Stlth-}
   (You found it on level 5 of the Dungeon)

   [ring of resist corrosion]

   rC:        It protects you from cold.
   rElec:     It insulates you from electricity.
   rCorr:     It protects you from acid and corrosion.
   Will:      It greatly increases your willpower.
   Stlth:     It makes you less stealthy.
 B - a ring of protection from fire
Wands
 k - a wand of flame (8)
 F - a wand of paralysis (7)
Scrolls
 d - 2 scrolls of amnesia {unknown}
 e - 2 scrolls of blinking {unknown}
 f - 3 scrolls of poison {unknown}
 g - 2 scrolls of enchant weapon {unknown}
 h - 8 scrolls of identify {unknown}
 j - a scroll of acquirement {unknown}
 n - a scroll of noise {unknown}
 p - a scroll of enchant armour {unknown}
 s - 2 scrolls of immolation
 v - a scroll of fear {unknown}
 z - 3 scrolls of teleportation {unknown}
 D - a scroll of torment {unknown}
Potions
 i - a potion of lignification {unknown}
 l - 2 potions of mutation {unknown}
 m - 2 potions of degeneration
 o - a potion of attraction
 q - a potion of curing {unknown}
 u - a potion of heal wounds {unknown}
 w - a potion of cancellation {unknown}
 x - a potion of brilliance {unknown}
 C - a potion of might {unknown}
 E - a potion of flight {unknown}


   Skills:
 + Level 3.0 Fighting
 + Level 5.0 Ranged Weapons
 + Level 4.8 Dodging
 + Level 5.3 Stealth
 + Level 3.2 Spellcasting
 + Level 1.1 Conjurations
 + Level 2.6 Translocations
 + Level 1.4 Air Magic


You had 2 spell levels left.
You knew the following spells:

 Your Spells              Type           Power      Damage    Failure   Level
a - Kindle Blastsparks    Fire/Tloc/Air  6%         2d10      45%         3
b - Fulminant Prism       Conj/Hex       1%         3d5       93%         4
c - Confusing Touch       Hex            1%         N/A       65%         3

Your spell library contained the following spells:

 Spells                   Type           Power      Damage    Failure   Level
 Kiss of Death            Conj/Necr      8%         2d6       24%         1
 Iskenderun's Mystic Bla  Conj/Tloc      4%         2d3       80%         4
 Dispel Undead            Necr           1%         3d6       96%         4
 Lee's Rapid Deconstruct  Erth           0%         3d4*      100%        5


Dungeon Overview and Level Annotations

Branches:
Dungeon (6/15)
 Temple: D:4-7

Altars:
Okawaru
Sif Muna

Shops:
D:2 *   D:5 =


Innate Abilities, Weirdness & Mutations

You are very small and have problems with some larger weapons.
You are too small for most types of armour.
You have supernaturally acute eyesight. (SInv)
You cover ground extremely quickly. (Speed+++)


Message History

You shoot an arrow.
The arrow barely misses the water moccasin.
You feel sick. The water moccasin misses you. The water moccasin bites you!
You are too injured to fight recklessly!
You are too injured to fight recklessly!
Unknown command.
You feel sick.
You feel sick. The water moccasin bites you.
* * * LOW HITPOINT WARNING * * *
You feel sick.
You feel sick.
You are no longer poisoned.
Found 5 gold pieces.
Found a square jasper amulet.
Fire: a) +0 shortbow
Press: ? - help, Q - select action, (/) - cycle Shift-Dir - straight line, f/p - water moccasin
Aim: a water moccasin (almost dead, 50% to hit)
You shoot an arrow.
The arrow barely misses the water moccasin.
Fire: a) +0 shortbow
Press: ? - help, Q - select action, (/) - cycle Shift-Dir - straight line, f/p - water moccasin
Aim: a water moccasin (almost dead, 50% to hit)
You shoot an arrow.
The arrow barely misses the water moccasin.
The water moccasin bites you.
* * * LOW HITPOINT WARNING * * *
You are lethally poisoned!
The water moccasin poisons you! The water moccasin bites you.
* * * LOW HITPOINT WARNING * * *
It was a potion of degeneration.
There was something very wrong with that liquid.
You feel weakened.
You feel dopey.
You feel clumsy.
* * * LOW HITPOINT WARNING * * *
You feel very sick.
The water moccasin completely misses you.
It was a potion of attraction.
You feel attractive to monsters.
* * * LOW HITPOINT WARNING * * *
You feel sick. The water moccasin bites you!
You die...

#.....## ###
####...#
#.#...)###
#........#
##.......#
#.......##
#..#....#
##.#.S..#
..##@..#
.............#
..#..........#
#..........#
.....$......#
.............#
..........."##
............#


You could see a water moccasin.

Vanquished Creatures
  An ogre (D:5)
  A phantom (D:5)
  3 hounds
  Jessica (D:2)
  An iguana (D:4)
  2 orc wizards
  Robin (D:2)
  4 gnolls (D:2)
  9 adders
  2 ufetubi (D:5)
  A worm (D:2)
  A dart slug (D:1)
  20 orcs
  10 bats
  7 endoplasms
  4 giant cockroaches
  13 goblins
  8 hobgoblins
  6 jackals
  3 kobolds
  2 quokkas
  12 ball pythons
  3 frilled lizards
  6 rats
121 creatures vanquished.

Vanquished Creatures (others)
  A plant (D:3)
1 creature vanquished.

Grand Total: 122 creatures vanquished

Notes
Turn   | Place    | Note
-------+----------+-------------------------------------------
     0 | D:1      | koil the Spriggan Hunter began the quest for the Orb.
     0 | D:1      | Reached XP level 1. HP: 10/10 MP: 2/2
   123 | D:1      | Reached XP level 2. HP: 15/15 MP: 3/3
   351 | D:1      | Reached skill level 1 in Spellcasting
   940 | D:2      | Reached XP level 3. HP: 18/18 MP: 5/5
  1068 | D:2      | Noticed Jessica
  1073 | D:2      | Killed Jessica
  1074 | D:2      | Reached XP level 4. HP: 23/23 MP: 7/7
  1435 | D:2      | Noticed Robin
  1440 | D:2      | Killed Robin
  1441 | D:2      | Reached XP level 5. HP: 27/27 MP: 9/9
  1723 | D:2      | Learned a level 3 spell: Kindle Blastsparks
  1728 | D:2      | Learned a level 4 spell: Fulminant Prism
  1752 | D:2      | Found Lesuxt's General Store.
  2100 | D:3      | Found an iron altar of Okawaru.
  2127 | D:3      | Became a worshipper of Warmaster Okawaru
  3034 | D:4      | Reached skill level 1 in Translocations
  3063 | D:4      | Reached XP level 6. HP: 20/32 MP: 10/10
  3710 | D:5      | Entered Level 5 of the Dungeon
  4107 | D:5      | Reached * piety under Okawaru
  4108 | D:5      | Reached skill level 1 in Air Magic
  4114 | D:5      | Learned a level 3 spell: Confusing Touch
  4256 | D:5      | Found Plog's Jewellery Emporium.
  4262 | D:5      | Reached skill level 5 in Stealth
  4274 | D:5      | Identified the ring "Pariplan" {rElec rC+ Will++ rCorr
                  | Stlth-}
  4390 | D:5      | Found a shimmering blue altar of Sif Muna.
  4409 | D:5      | Reached XP level 7. HP: 32/35 MP: 12/12
  4435 | D:5      | Reached skill level 5 in Ranged Weapons
  4435 | D:5      | Reached skill level 1 in Conjurations
  5120 | D:6      | Slain by a water moccasin

Illustrated notes

Levels and vault maps discovered:
D:1:      dpeg_arrival_central, layout_loops_ring, minmay_vboxes
D:2:      layout_basic, serial_shops, nicolae_diamond_shop, minmay_domino_4,
          uniq_robin, uniq_jessica
D:3:      layout_basic, lemuel_doored_altar, serial_bayou_lake_a
D:4:      layout_cave_pods
D:5:      layout_loops_ring, lemuel_blue_sif_altar, serial_shops,
          nicolae_stop_n_shop_1
D:6:      minmay_razor_zed, layout_cave_pools,
          gammafunk_temple_overflow_elements, chequers_jeans

Skill      XL: |  1  2  3  4  5  6  7 |
---------------+----------------------+-----
Stealth        | 2 3 4 5 |  5.3
Dodging        | 3 4 |  4.8
Spellcasting   | 1 2 3 |  3.2
Fighting       | 2 3 |  3.0
Translocations | 1 2 |  2.6
Air Magic      | 1 |  1.4
Ranged Weapons | 5 |  5.0
Conjurations   | 1 |  1.1

Action                   |  1- 3 |  4- 6 |  7- 9 || total
-------------------------+-------+-------+-------++-------
 Fire: Shortbow          |    80 |   261 |    73 ||   414
  Use: Potion            |       |       |     2 ||     2
Armor: Robe              |     3 |     9 |     3 ||    15
Dodge: Dodged            |    33 |   163 |    46 ||   242

Table legend: (Time is in decaauts)
 A = Elapsed time spent in this place.
 B = Non-inter-level travel time spent in this place.
 C = Inter-level travel time spent in this place.
 D = Time resting spent in this place.
 E = Time spent auto-exploring this place.
 F = Levels seen in this place.
 G = Mean time per level.
                   A        B        C        D        E       F      G
               +--------+--------+--------+--------+--------+-----+--------+
         Total |   3787 |   3660 |    127 |    174 |   2632 |   6 |  631.2 |
       Dungeon |   3787 |   3660 |    127 |    174 |   2632 |   6 |  631.2 |
               +--------+--------+--------+--------+--------+-----+--------+

Top non-repeatable levels by time:
     D:2: 878 daAuts
     D:5: 834 daAuts
     D:4: 594 daAuts
     D:3: 586 daAuts
     D:1: 584 daAuts
     D:6: 310 daAuts
